AoeStats
← Aquamoo♥

Arena

508066741Analyzed
3v3 RM · 12d ago on Sep 20, 2026· 57m 22s· 6 players
Game mode
Random Map
Map size
Normal (6 player)
Population
200
Speed
Normal
Resources
Standard
Victory
Conquest
Starting age
Dark Age
Ending age
Imperial Age
RankedLock teamsTeams togetherTeam positionsShared explorationLock speedFull tech treeHidden civsTurbo modeCheats
Victory
Defeat
🇳🇴 Poles · Norway
1319
+9
🇳🇴 Malay · Norway
1276
+11
🇳🇴 Slavs · Norway
1109
+17
🇺🇸 Georgians · United States
1176
-13
🇺🇸 Huns · United States
1176
-13
🇺🇸 Cumans · United States
1114
-11
MS-Skitat
12:15 Feudal Age
12:57 Loom
15:32 Castle Age
13:41 Double-Bit Axe
13:54 Horse Collar
17:15 Heavy Plow
24:28 Wheelbarrow
23:56 Gold Mining
25:36 Bow Saw
25:20 Stone Mining
26:12 Hand Cart
26:14 Town Watch
27:40 Gold Shaft Mining
30:11 Imperial Age
27:34 Fletching
28:12 Bodkin Arrow
28:17 Padded Archer Armor
27:48 Crossbowman
28:36 Squires
28:09 Pikeman
28:35 Arson
30:19 Conscription
30:12 Bracer
30:59 Thumb Ring
30:37 Halberdier
32:46 Chemistry
32:43 Forging
32:49 Leather Archer Armor
32:05 Arbalester
33:47 Ballistics
36:10 Iron Casting
36:06 Ring Archer Armor
43:59 Blast Furnace
50:26 Caravan
53:16 Forced Levy
52:38 Man-at-Arms
55:05 Long Swordsman
55:54 Two-Handed Swordsman
Rey McSriff
13:01 Feudal Age
14:18 Loom
16:54 Castle Age
17:30 Double-Bit Axe
17:39 Gold Mining
19:10 Wheelbarrow
18:49 Horse Collar
20:47 Heavy Plow
24:09 Town Watch
25:16 Hand Cart
27:09 Gold Shaft Mining
28:05 Bow Saw
30:20 Town Patrol
33:21 Imperial Age
32:28 Scale Barding Armor
32:33 Forging
33:31 Chain Barding Armor
33:30 Detinets
34:49 Iron Casting
33:40 Elite Boyar
35:01 Conscription
35:16 Bloodlines
35:07 Husbandry
34:32 Light Cavalry
35:19 Padded Archer Armor
35:10 Fletching
35:21 Stone Mining
36:33 Plate Barding Armor
36:30 Hussar
38:12 Blast Furnace
37:09 Bodkin Arrow
38:19 Chemistry
37:40 Ballistics
41:41 Two-Man Saw
43:19 Druzhina
43:24 Squires
42:45 Man-at-Arms
44:21 Long Swordsman
45:07 Scale Mail Armor
46:21 Chain Mail Armor
45:32 Two-Handed Swordsman
46:23 Champion
46:51 Pikeman
47:47 Siege Engineers
48:51 Plate Mail Armor
49:19 Padded Archer Armor
48:53 Halberdier
GhostyD
11:11 Feudal Age
15:02 Castle Age
12:57 Double-Bit Axe
13:25 Horse Collar
13:39 Stone Mining
13:51 Horse Collar
15:43 Heavy Plow
16:19 Bow Saw
21:47 Wheelbarrow
20:58 Loom
23:00 Gold Mining
26:47 Imperial Age
25:35 Scale Barding Armor
25:40 Forging
25:16 Loom
25:47 Hand Cart
26:17 Szlachta Privileges
26:19 Fletching
27:44 Bloodlines
27:48 Bodkin Arrow
27:29 Cavalier
28:09 Husbandry
28:42 Chain Barding Armor
29:42 Crop Rotation
32:53 Iron Casting
32:19 Bracer
33:41 Conscription
34:28 Lechitic Legacy
33:30 Light Cavalry
35:04 Winged Hussar
37:09 Blast Furnace
36:00 Elite Obuch
37:10 Scale Mail Armor
36:58 Town Watch
37:48 Squires
37:08 Man-at-Arms
37:12 Pikeman
37:39 Arson
38:36 Hoardings
40:18 Chain Mail Armor
41:45 Ballistics
41:31 Siege Engineers
42:27 Chemistry
41:38 Masonry
43:52 Stone Shaft Mining
44:00 Plate Mail Armor
43:48 Caravan
45:08 Coinage
NinjaEskimo012
3:27 Loom
9:08 Feudal Age
13:06 Double-Bit Axe
13:09 Horse Collar
20:14 Wheelbarrow
19:24 Town Watch
20:46 Forging
23:45 Castle Age
22:29 Bloodlines
23:59 Light Cavalry
26:00 Bow Saw
25:52 Heavy Plow
28:20 Scale Barding Armor
28:09 Gold Mining
29:21 Hand Cart
30:51 Gold Shaft Mining
31:18 Capped Ram
33:09 Stone Mining
34:31 Chain Barding Armor
35:16 Iron Casting
39:18 Imperial Age
38:38 Steppe Husbandry
39:32 Elite Steppe Lancer
39:32 Hussar
41:26 Crop Rotation
41:58 Two-Man Saw
43:56 Plate Barding Armor
42:53 Hussar
44:40 Iron Casting
43:56 Fletching
44:10 Scale Mail Armor
49:15 Conscription
49:31 Hoardings
Lost Penguin
12:31 Feudal Age
16:20 Castle Age
14:10 Horse Collar
14:17 Double-Bit Axe
18:03 Loom
25:22 Wheelbarrow
25:28 Fletching
26:34 Hand Cart
26:43 Husbandry
27:27 Heavy Plow
27:47 Town Watch
28:31 Bloodlines
31:45 Imperial Age
29:36 Town Patrol
30:15 Bow Saw
29:57 Gold Mining
30:01 Stone Mining
30:11 Bodkin Arrow
30:36 Thumb Ring
31:06 Padded Archer Armor
31:29 Ballistics
32:27 Gold Shaft Mining
32:47 Atheism
33:29 Parthian Tactics
33:49 Conscription
34:13 Bracer
34:29 Leather Archer Armor
33:48 Heavy Cavalry Archer
35:42 Two-Man Saw
37:35 Elite Skirmisher
38:07 Light Cavalry
52:25 Pikeman
Aquamoo♥
11:29 Feudal Age
15:09 Castle Age
13:35 Double-Bit Axe
14:23 Horse Collar
16:18 Loom
22:52 Heavy Plow
23:04 Bow Saw
25:25 Wheelbarrow
25:09 Scale Barding Armor
27:22 Bloodlines
28:04 Hand Cart
28:02 Gold Mining
28:05 Stone Mining
29:57 Chain Barding Armor
29:49 Forging
29:49 Husbandry
29:38 Town Watch
30:37 Stone Shaft Mining
31:29 Town Patrol
35:03 Iron Casting
34:43 Pikeman
35:29 Scale Mail Armor
38:26 Imperial Age
36:28 Squires
38:26 Halberdier
39:26 Chain Mail Armor
40:15 Blast Furnace
38:45 Cavalier
40:40 Plate Mail Armor
40:50 Plate Barding Armor
41:52 Conscription
41:21 Cavalier
41:53 Elite Monaspa
45:39 Fletching
54:07 Light Cavalry
Connection lost

Rejoining the realm…

Still unreachable

The connection could not be restored.

Session expired

The server has moved on; the page needs a fresh start.